 Dungeon Crawl Stone Soup version 0.20.1-1-g8b1a95d (webtiles) character file.

346389 tamionv the Shatterer (level 22, -3/133 HPs)
             Began as a Gargoyle Fighter on Jan 3, 2018.
             Was the Champion of Okawaru.
             Killed from afar by a tengu reaver (19 damage)
             ... with a fireball
             ... on level 4 of the Vaults.
             The game lasted 01:32:33 (40307 turns).

tamionv the Shatterer (Gargoyle Fighter)           Turns: 40307, Time: 01:32:34

Health: -3/133     AC: 42    Str: 31    XL:     22   Next: 12%
Magic:  38/38      EV: 17    Int: 14    God:    Okawaru [******]
Gold:   1020       SH: 18    Dex:  8    Spells: 18/46 levels left

rFire    + . .     SeeInvis .   a - +9 eveningstar (drain)
rCold    + . .     Gourm    .   k - +5 shield "Athrogag" {Str+3}
rNeg     + . .     Faith    .   n - +1 shadow dragon scales
rPois    ∞         Spirit   .   O - +1 hat {MR+}
rElec    +         Reflect  .   x - scarf {rC+ rF+}
rCorr    +         Harm     .   q - +2 pair of gloves {Str+3}
MR       ++++.                  h - +2 pair of boots "Vutum" {rPois MR++ Int+3 Dex-4}
Stlth    ++........             g - amulet of regeneration
Regen    0.8/turn               p - +5 ring of evasion
MPRegen  0.3/turn               V - ring of resist corrosion

@: about to teleport, flying, very slightly contaminated
A: big wings, rugged brown scales 1, negative energy resistance 1, electricity
resistance, wild magic 1, unbreathing, petrification resistance, rot immunity,
AC +16
}: 2/15 runes: decaying, serpentine
a: Stop Flying, Heroism, Finesse, Renounce Religion


You were on level 4 of the Vaults.
You worshipped Okawaru.
Okawaru was exalted by your worship.
You were not hungry.

You visited 6 branches of the dungeon, and saw 35 of its levels.
You also visited: Ossuary, Ice Cave and Volcano.

You collected 3417 gold pieces.
You spent 2397 gold pieces at shops.

Inventory:

Hand Weapons
 a - a +9 eveningstar of draining (weapon)
Armour
 h - the +2 pair of boots "Vutum" (worn) {rPois MR++ Int+3 Dex-4}
   (Okawaru gifted it to you on level 4 of the Snake Pit)

   It affects your intelligence (+3).
   It affects your dexterity (-4).
   It protects you from poison.
   It affects your resistance to hostile enchantments.
 k - the +5 shield "Athrogag" (worn) {Str+3}
   (Okawaru gifted it to you on level 2 of the Snake Pit)

   It affects your strength (+3).
 n - +1 shadow dragon scales (worn)
 q - a +2 pair of gloves of strength (worn)
 x - a scarf of resistance (worn)
 O - a +1 hat of magic resistance (worn)
Jewellery
 g - an amulet of regeneration (around neck)
 p - a +5 ring of evasion (left hand)
 s - a cursed -5 ring of protection {unknown}
 E - an uncursed ring of protection from cold
 V - a ring of resist corrosion (right hand)
Wands
 t - a wand of digging (8/24)
Scrolls
 c - a scroll of torment
 e - 7 scrolls of fog
 l - 13 scrolls of amnesia
 o - 16 scrolls of remove curse
 v - 11 scrolls of recharging
 y - 4 scrolls of magic mapping
 z - a scroll of summoning
 B - 9 scrolls of enchant armour
 G - 6 scrolls of teleportation
 J - 7 scrolls of identify
 Q - 4 scrolls of fear
 Y - 3 scrolls of enchant weapon
 Z - a scroll of blinking
Potions
 i - 2 potions of haste
 m - 6 potions of mutation
 r - 6 potions of agility
 u - 4 potions of lignification
 w - 8 potions of degeneration
 A - 13 potions of curing
 C - 3 potions of berserk rage
 D - a potion of magic
 F - 3 potions of ambrosia
 I - 8 potions of flight
 L - 3 potions of resistance
 S - 10 potions of brilliance
 U - 4 potions of cancellation
 W - 2 potions of might
Books
 b - a Young Poisoner's Handbook

   Spells                             Type                      Level
   a - Sting                          Conjuration/Poison           1
   b - Poisonous Vapours              Poison/Air                   2
   c - Mephitic Cloud                 Conjuration/Poison/Air       3
   d - Olgreb's Toxic Radiance        Poison                       4
   e - Venom Bolt                     Conjuration/Poison           5
 d - a book of Clouds

   Spells                             Type                      Level
   a - Poisonous Vapours              Poison/Air                   2
   b - Mephitic Cloud                 Conjuration/Poison/Air       3
   c - Conjure Flame                  Conjuration/Fire             3
   d - Freezing Cloud                 Conjuration/Ice/Air          6
   e - Ring of Flames                 Charms/Fire                  7
 j - a book of Changes

   Spells                             Type                      Level
   a - Beastly Appendage              Transmutation                1
   b - Sticks to Snakes               Transmutation                2
   c - Spider Form                    Transmutation/Poison         3
   d - Ice Form                       Ice/Transmutation            4
   e - Blade Hands                    Transmutation                5
 H - a book of Geomancy

   Spells                             Type                      Level
   a - Sandblast                      Earth                        1
   b - Passwall                       Transmutation/Earth          2
   c - Stone Arrow                    Conjuration/Earth            3
   d - Petrify                        Transmutation/Earth          4
   e - Lee's Rapid Deconstruction     Earth                        5
 K - a book of Conjurations

   Spells                             Type                      Level
   a - Magic Dart                     Conjuration                  1
   b - Searing Ray                    Conjuration                  2
   c - Dazzling Spray                 Conjuration/Hexes            3
   d - Fulminant Prism                Conjuration/Hexes            4
   e - Force Lance                    Conjuration/Translocation    4
   f - Iskenderun's Mystic Blast      Conjuration                  4
 N - a book of Cantrips

   Spells                             Type                      Level
   a - Confusing Touch                Hexes                        1
   b - Animate Skeleton               Necromancy                   1
   c - Summon Small Mammal            Summoning                    1
   d - Apportation                    Translocation                1
 X - a book of the Sky

   Spells                             Type                      Level
   a - Summon Lightning Spire         Summoning/Air                4
   b - Silence                        Hexes/Air                    5
   c - Deflect Missiles               Charms/Air                   6
   d - Conjure Ball Lightning         Conjuration/Air              6
   e - Tornado                        Air                          9
Comestibles
 f - 6 bread rations
 M - 22 meat rations
 P - 27 fruits
 T - 24 royal jellies


   Skills:
 + Level 11.5 Fighting
 + Level 21.3 Maces & Flails
 + Level 12.1 Armour
 + Level 9.1 Dodging
 + Level 11.3 Shields
 + Level 12.8 Spellcasting
 - Level 14.7 Conjurations
 * Level 6.6 Translocations
 * Level 10.5 Earth Magic
 - Level 10.3 Invocations


You had 18 spell levels left.
You knew the following spells:

 Your Spells              Type           Power        Failure   Level  Hunger
a - Magic Dart            Conj           ####         1%          1    None
b - Searing Ray           Conj           ######       1%          2    None
c - Apportation           Tloc           #####.       4%          1    None
d - Blink                 Tloc           N/A          7%          2    None
e - Silence               Hex/Air        ##........   100%        5    #####..
f - Petrify               Tmut/Erth      ####....     52%         4    ###....
g - Lee's Rapid Deconstr  Erth           ######....   22%         5    #####..
h - Controlled Blink      Tloc           N/A          100%        8    #######


Dungeon Overview and Level Annotations

Branches:
Dungeon (15/15)            Temple (0/1) D:5            Lair (6/6) D:8
  Swamp (4/4) Lair:4        Snake (4/4) Lair:2        Slime (0/5) Lair:5
    Orc (2/2) D:11            Elf (0/3) Orc:2        Vaults (4/5) D:14
  Crypt (0/3) Vaults:2     Depths (0/5) D:15

Altars:
Ashenzari
Cheibriados
Dithmenos
Elyvilon
Gozag
Hepliaklqana
Kikubaaqudgha
Okawaru
Ru
Trog
Uskayaw
Vehumet
Yredelemnul
The Shining One
Beogh
Jiyva

Shops:
D:5 %[   Orc:2 (*%:   Snake:4 =*%   Vaults:2 (   Vaults:3 [

Portals:
Trove: D:11 (give +3 ice dragon scales)

Annotations:
Lair:1 exclusion: 4 oklob plants


Innate Abilities, Weirdness & Mutations

You are resistant to torment.
Your stone body is resilient. (AC +16)
You are immune to poison.
Your large and strong wings let you fly indefinitely.
You resist negative energy. (rN+)
You are resistant to electric shocks. (rElec)
You can survive without breathing.
You are immune to petrification.
You are immune to rotting.
You are partially covered in rugged brown scales. (AC +1, +3% HP)
Your spells are a little harder to cast, but a little more powerful.


Message History

The yaktaur shouts!
The yaktaur wields an arbalest.
The yaktaur shoots a bolt.
You block the bolt.
The yaktaur shoots a bolt.
The bolt hits you.
The tengu reaver points at you and mumbles some strange words.
The bolt of magma hits you! You partially resist.
* * * LOW HITPOINT WARNING * * *
The battlesphere fires!
The barrage of energy hits you!
You see here a bolt.
You are too injured to fight recklessly!
You are too injured to fight recklessly!
Unknown command.
Blink to where?
Press: ? - help, Dir - move target cursor You are very lightly contaminated with residual magic.
As you read the scroll of blinking, it crumbles to dust.
As you read the scroll of teleportation, it crumbles to dust.
You feel strangely unstable.
The tengu reaver gestures at you while chanting.
The fireball explodes!
The fireball engulfs you! You resist.
You die...

..#..(...#...#,,,,,,*,,,,,,,,,*,,
..########...#,,,,,,*,,,,,,,,,*,,
.............#,,,,,,*,,,,,,,,,*,,
.............#,,,,,,*,,,,,,,,,*,,
.............#,,,,,,#.........#**
.............#,,,,,,#.........#*,
.............#,,,,,,#.........#*,
.............########..(......#*,
................@..*..........#*,
..............................#*,
................$.Q...........#*,
.......................§....c.#**
..............................#
#############+#############+###
*,,,,,,,,* *,,**** **
*****,,,,,,,,****** *,,,,,*
,***,,,*,,,,,,,,,,,,,* *,,,,,*


You could see a tengu reaver and a battlesphere.

Vanquished Creatures
  the Lernaean hydra (Swamp:4)
  Bai Suzhen (Snake:4)
  Nikola (Snake:4)
  Rupert (Lair:5)
  The ghost of Gremour the Severer, an adept HOMo of Beogh (Swamp:4)
  A tengu reaver (Vaults:4)
  4 thorn hunters
  9 nagarajas
  9 vault wardens
  A deep elf sorcerer (Vaults:3)
  13 ironheart preservers
  Louise (Swamp:1)
  2 very ugly things
  7 stone giants
  Nessos (Orc:2)
  4 deep elf demonologists
  A red draconian (Volcano)
  A deep elf annihilator (Vaults:2)
  2 dire elephants
  A deep elf death mage (Vaults:3)
  3 fire dragons
  Josephine (D:11)
  12 ogre magi
  Erolcha (Orc:1)
  An ice dragon (Vaults:4)
  14 vault guards
  3 rakshasas
  4 yaktaur captains
  2 catoblepae (Lair:4)
  The ghost of Britaniac the Basher, a novice OgFi of Okawaru (D:9)
  The ghost of Pawles22 the Champion of Chaos, a journeyman GrMo of Makhleb (D:12)
  18 naga warriors
  23 hydras
  2 ghost crabs
  The ghost of Agrougrou the Grappler, a journeyman DrTm of Ru (D:12)
  Erica (D:9)
  14 alligators
  40 two-headed ogres
  9 anacondas
  4 deep troll earth magi
  A deep troll shaman (Vaults:3)
  2 death knights
  A queen ant (shapeshifter) (Vaults:2)
  5 centaur warriors
  A death yak (Lair:5)
  A tengu warrior (D:15)
  7 naga sharpshooters
  6 orc high priests (Orc:2)
  9 shock serpents
  8 deep elf knights
  5 unseen horrors
  A salamander mystic (Volcano)
  8 deep trolls
  4 deep elf archers
  5 naga ritualists
  2 shadow wraiths
  2 spriggan druids
  8 sea snakes (Snake:4)
  A flayed ghost (Vaults:3)
  8 ironbrand convokers
  2 shambling mangroves (Swamp:3)
  14 swamp dragons
  2 wizards
  An obsidian statue (Volcano)
  15 orc knights
  16 harpies
  12 mana vipers
  12 deep elf magi
  A cyclops (shapeshifter) (Vaults:2)
  3 orc sorcerers
  9 cyclopes
  2 wolf spiders
  20 slime creatures
  28 ugly things
  2 manticores
  10 salamanders
  17 naga magi
  17 elephants
  36 black mambas
  2 ice statues (IceCv)
  5 guardian serpents
  Psyche (D:9)
  18 spiny frogs
  A centaur skeleton (D:11)
  13 vault sentinels
  10 komodo dragons
  3 rime drakes
  3 freezing wraiths
  A tengu conjurer (D:15)
  24 yaktaurs
  2 queen bees
  12 trolls
  5 tyrant leeches
  13 polar bears
  A wind drake (shapeshifter) (Vaults:4)
  7 bog bodies
  7 hornets
  4 raiju (Lair:6)
  8 blink frogs
  12 hippogriffs
  5 dream sheep (Lair:5)
  A tarantella (shapeshifter) (Vaults:3)
  47 yaks
  2 spriggans (Swamp:4)
  A spriggan (shapeshifter) (Vaults:1)
  A shadow (Swamp:2)
  A centaur simulacrum (D:15)
  2 water elementals (D:14)
  6 wyverns
  A hog (shapeshifter) (Vaults:1)
  6 wraiths
  3 basilisks
  A human (shapeshifter) (Vaults:1)
  6 fire bats (Volcano)
  3 hungry ghosts
  2 steam dragons (Lair:6)
  8 vampire mosquitoes
  8 wargs
  15 swamp worms
  51 nagas
  4 acid dragons
  A naga (shapeshifter) (Vaults:3)
  11 insubstantial wisps
  A soldier ant (shapeshifter) (D:15)
  17 water moccasins
  13 hell hounds (Lair:6)
  12 porcupines
  52 orc warriors
  15 swamp drakes
  A hornet zombie (D:14)
  9 ice beasts
  2 phantoms
  12 black bears
  An ettin simulacrum (Vaults:2)
  7 boggarts
  3 eyes of draining
  24 ogres
  18 wolves
  6 centaurs
  2 big kobolds
  18 crocodiles
  16 bullfrogs
  A glowing shapeshifter simulacrum (Vaults:2)
  A water moccasin zombie (D:9)
  7 scorpions
  A killer bee (shapeshifter) (Vaults:1)
  49 killer bees
  14 wights
  An electric eel (D:14)
  7 howler monkeys
  5 crimson imps
  7 centaur zombies
  8 lava snakes (Volcano)
  8 hounds
  7 bullfrog skeletons
  2 jellies
  33 orc priests
  A gnoll shaman (D:4)
  20 orc wizards
  8 iguanas
  Natasha (thrice) (D:2 D:4)
  A hell rat (Lair:3)
  Ijyb (D:3)
  9 worker ants
  An ogre zombie (Ossuary)
  A hound zombie (D:6)
  2 hound skeletons
  7 mummies (Ossuary)
  Robin (D:3)
  16 gnolls
  15 adders
  3 shadow imps
  2 oozes
  5 adder zombies
  3 adder skeletons
  9 worms
  3 dart slugs
  2 leopard geckos
  104 orcs
  4 giant cockroaches
  7 hobgoblins
  11 jackals
  4 quokkas
  2 ball pythons
  10 bats
  5 frilled lizards
  21 goblins
  4 goblin zombies (Ossuary)
  4 hobgoblin zombies (Ossuary)
  12 kobolds
  8 kobold zombies (Ossuary)
  2 quokka zombies (Ossuary)
  5 rats
  3 rat zombies (Ossuary)
1558 creatures vanquished.

Vanquished Creatures (others)
  A naga sharpshooter (Snake:1)
  An acid dragon (Vaults:1)
  A swamp drake (Swamp:4)
  An ogre (Vaults:2)
  A worker ant (D:11)
  12 fungi
  18 plants
35 creatures vanquished.

Grand Total: 1593 creatures vanquished

Notes
Turn   | Place    | Note
-------+----------+-------------------------------------------
     0 | D:1      | tamionv the Gargoyle Fighter began the quest for the Orb.
     0 | D:1      | Reached XP level 1. HP: 14/14 MP: 1/1
   608 | D:1      | Reached XP level 2. HP: 19/19 MP: 2/2
   672 | D:2      | Found a radiant altar of Vehumet.
   738 | D:2      | Reached skill level 3 in Maces & Flails
   772 | D:2      | Noticed Natasha
   787 | D:2      | Killed Natasha
   787 | D:2      | Reached XP level 3. HP: 6/23 MP: 3/3
   874 | D:2      | Reached skill level 4 in Maces & Flails
   970 | D:2      | Reached XP level 4. HP: 26/28 MP: 4/4
  1973 | D:3      | Noticed Ijyb
  1981 | D:3      | Killed Ijyb
  1981 | D:3      | Reached skill level 5 in Maces & Flails
  1981 | D:3      | Reached XP level 5. HP: 32/32 MP: 5/5
  2265 | D:3      | Noticed Robin
  2303 | D:3      | Killed Robin
  2341 | D:3      | Found an iron altar of Okawaru.
  2428 | D:3      | Became a worshipper of Warmaster Okawaru
  2521 | D:3      | Reached skill level 6 in Maces & Flails
  2572 | D:3      | Reached XP level 6. HP: 37/37 MP: 6/6
  2817 | D:4      | Found a sand-covered staircase.
  2822 | Ossuary  | Entered an ossuary
  3031 | Ossuary  | Reached skill level 7 in Maces & Flails
  3157 | Ossuary  | Reached XP level 7. HP: 41/41 MP: 7/7
  3560 | D:4      | Reached * piety under Okawaru
  3560 | D:4      | Reached skill level 8 in Maces & Flails
  4121 | D:4      | Noticed Natasha
  4129 | D:4      | Killed Natasha
  4129 | D:4      | Reached skill level 9 in Maces & Flails
  4129 | D:4      | Reached XP level 8. HP: 45/46 MP: 8/8
  4140 | D:4      | Found a glowing golden altar of the Shining One.
  4267 | D:4      | Noticed Natasha
  4272 | D:4      | Killed Natasha
  4280 | D:4      | Reached ** piety under Okawaru
  4441 | D:5      | Entered Level 5 of the Dungeon
  4497 | D:5      | Found Sokuaz's Antique Armour Shop.
  4523 | D:5      | Reached skill level 10 in Maces & Flails
  4550 | D:5      | Found a snail-covered altar of Cheibriados.
  4587 | D:5      | Found a staircase to the Ecumenical Temple.
  5030 | D:5      | Found a shattered altar of Ashenzari.
  5107 | D:5      | Found Pukazxy's Food Shop.
  5453 | D:6      | Found a white marble altar of Elyvilon.
  5596 | D:6      | Reached skill level 11 in Maces & Flails
  5688 | D:6      | Found a shattered altar of Ashenzari.
  5692 | D:6      | Saw a vision of the Swamp and the Snake Pit.
  5692 | D:6      | Noticed a black mamba
  5692 | D:6      | Noticed a naga mage
  5692 | D:6      | Noticed a black mamba
  5692 | D:6      | Noticed a naga sharpshooter
  5692 | D:6      | Noticed a shock serpent
  5692 | D:6      | Noticed a naga ritualist
  5732 | D:6      | Reached XP level 9. HP: 51/51 MP: 9/9
  5762 | D:6      | Learned a level 1 spell: Magic Dart
  5765 | D:6      | Learned a level 2 spell: Searing Ray
  6004 | D:7      | Reached skill level 1 in Spellcasting
  6010 | D:7      | Reached *** piety under Okawaru
  6010 | D:7      | Reached skill level 1 in Conjurations
  6364 | D:7      | Found an opulent altar of Gozag.
  6365 | D:7      | Found a bloodstained altar of Trog.
  6547 | D:8      | Noticed a two-headed ogre
  6591 | D:8      | Found a staircase to the Lair.
  6609 | D:8      | Found a sacrificial altar of Ru.
  6682 | D:8      | Killed a two-headed ogre
  6682 | D:8      | Reached **** piety under Okawaru
  6682 | D:8      | Reached skill level 12 in Maces & Flails
  7382 | D:8      | Reached XP level 10. HP: 38/56 MP: 14/14
  7802 | D:9      | Noticed Erica
  8233 | D:9      | Killed Erica
  8233 | D:9      | Reached ***** piety under Okawaru
  8233 | D:9      | Reached skill level 13 in Maces & Flails
  8233 | D:9      | Reached skill level 5 in Conjurations
  8459 | D:9      | Paralysed by an orc wizard for 3 turns
  8566 | D:9      | Reached skill level 5 in Spellcasting
  8576 | D:9      | Noticed Britaniac's ghost (novice OgFi)
  8618 | D:10     | Entered Level 10 of the Dungeon
  8618 | D:10     | Noticed Josephine
  8656 | D:11     | Killed Josephine
  8656 | D:11     | Reached XP level 11. HP: 39/60 MP: 17/19
  8805 | D:10     | Reached skill level 14 in Maces & Flails
  8956 | D:10     | Gained mutation: You are partially covered in rugged brown scales. (AC +1, +3% HP) [potion of mutation]
  8956 | D:10     | Gained mutation: Your muscles are strong. (Str +2) [potion of mutation]
  8956 | D:10     | Lost mutation: Your muscles are strong. (Str +2) [potion of mutation]
  8956 | D:10     | Gained mutation: Your spells are a little harder to cast, but a little more powerful. [potion of mutation]
  9076 | D:9      | Noticed Psyche
  9083 | D:9      | Killed Psyche
  9083 | D:9      | Received a gift from Okawaru
  9137 | D:9      | Found a shadowy altar of Dithmenos.
  9138 | D:9      | Noticed a moth of wrath
  9161 | D:9      | Found a bloodstained altar of Trog.
  9176 | D:9      | Killed Britaniac's ghost
  9426 | D:9      | Found a hide-covered altar of Uskayaw.
  9622 | D:10     | Noticed a cyclops
  9636 | D:10     | Killed a cyclops
  9959 | Lair:1   | Entered Level 1 of the Lair of Beasts
 10143 | Lair:1   | Reached ****** piety under Okawaru
 10239 | Lair:1   | Noticed an oklob plant
 10239 | Lair:1   | Noticed an oklob plant
 10252 | Lair:1   | Noticed an oklob plant
 10252 | Lair:1   | Noticed an oklob plant
 10460 | Lair:1   | Reached skill level 15 in Maces & Flails
 10460 | Lair:1   | Reached XP level 12. HP: 65/65 MP: 22/22
 10630 | Lair:1   | Noticed a five-headed hydra
 10664 | Lair:1   | Killed a five-headed hydra
 10803 | Lair:2   | Received a gift from Okawaru
 10804 | Lair:2   | Got a bone dire flail {god gift}
 10875 | Lair:2   | Found a staircase to the Snake Pit.
 11506 | Lair:2   | Found a bloodstained altar of Trog.
 11525 | Lair:2   | Noticed a four-headed hydra
 11537 | Lair:2   | Killed a four-headed hydra
 11537 | Lair:2   | Received a gift from Okawaru
 11566 | Lair:2   | Noticed a five-headed hydra
 11584 | Lair:2   | Killed a five-headed hydra
 11643 | Lair:2   | Reached skill level 16 in Maces & Flails
 12192 | Lair:3   | Reached XP level 13. HP: 60/70 MP: 25/25
 12404 | Lair:3   | Reached skill level 10 in Conjurations
 12830 | Lair:3   | Received a gift from Okawaru
 13363 | Lair:4   | Reached skill level 17 in Maces & Flails
 13372 | Lair:4   | Found a frozen archway.
 13379 | IceCv    | Entered an ice cave
 13387 | IceCv    | Found a transporter.
 14073 | Lair:4   | Noticed a dire elephant
 14086 | Lair:4   | Killed a dire elephant
 14096 | Lair:4   | Gained mutation: Your large and strong wings let you fly indefinitely. [Gargoyle growth]
 14096 | Lair:4   | Reached XP level 14. HP: 52/76 MP: 27/27
 14320 | Lair:4   | Found a staircase to the Swamp.
 14588 | Lair:5   | Noticed Rupert
 14589 | Lair:5   | Paralysed by Rupert for 5 turns
 14769 | Lair:5   | Received a gift from Okawaru
 14793 | Lair:5   | Reached skill level 10 in Spellcasting
 14837 | Lair:5   | Found a staircase to the Slime Pits.
 14837 | Lair:5   | Found a viscous altar of Jiyva.
 15096 | Lair:5   | Identified a scroll of acquirement
 15116 | Lair:5   | Killed Rupert
 15116 | Lair:5   | Received a gift from Okawaru
 15498 | Lair:5   | Reached skill level 18 in Maces & Flails
 15948 | Lair:6   | Entered Level 6 of the Lair of Beasts
 16019 | Lair:6   | Found a dark tunnel.
 16025 | Volcano  | Entered a volcano
 16616 | Volcano  | Noticed a red draconian
 16620 | Volcano  | Found a radiant altar of Vehumet.
 16636 | Volcano  | Killed a red draconian
 17457 | Lair:6   | Received a gift from Okawaru
 17898 | Lair:6   | Reached XP level 15. HP: 73/80 MP: 29/29
 18874 | D:11     | Reached skill level 19 in Maces & Flails
 19028 | D:11     | Found a staircase to the Orcish Mines.
 19096 | D:11     | Found a portal to a secret trove of treasure.
 19239 | D:11     | Found a roughly hewn altar of Beogh.
 19333 | D:12     | Noticed Agrougrou's ghost (journeyman DrTm)
 19359 | D:12     | Killed Agrougrou's ghost
 19602 | D:12     | Noticed Pawles22's ghost (journeyman GrMo)
 19623 | D:12     | Killed Pawles22's ghost
 20228 | D:13     | Found a hazy altar of Hepliaklqana.
 20743 | D:14     | Received a gift from Okawaru
 20810 | D:14     | Found a gate to the Vaults.
 20941 | D:14     | You are sucked into a shaft!
 20941 | D:15     | Entered Level 15 of the Dungeon
 21808 | D:15     | Reached XP level 16. HP: 67/85 MP: 30/32
 21845 | D:15     | Found a white marble altar of Elyvilon.
 22115 | D:15     | Found a staircase to the Depths.
 22386 | D:15     | Reached XP level 17. HP: 90/90 MP: 33/33
 22675 | D:8      | Received a gift from Okawaru
 22827 | Swamp:1  | Entered Level 1 of the Swamp
 22896 | Swamp:1  | Reached skill level 1 in Dodging
 22952 | Swamp:1  | Noticed Louise
 22991 | Swamp:1  | Killed Louise
 23401 | Swamp:1  | You are sucked into a shaft!
 23996 | Swamp:2  | Reached skill level 5 in Armour
 24066 | Swamp:2  | Reached skill level 5 in Fighting
 24534 | Swamp:3  | Reached skill level 5 in Shields
 24693 | Swamp:3  | Received a gift from Okawaru
 25203 | Swamp:4  | Entered Level 4 of the Swamp
 25330 | Swamp:4  | Noticed Gremour's ghost (adept HOMo)
 25368 | Swamp:4  | Killed Gremour's ghost
 25694 | Swamp:4  | Reached skill level 20 in Maces & Flails
 25798 | Swamp:4  | Noticed the 27-headed Lernaean hydra
 25798 | Swamp:4  | Received a gift from Okawaru
 25985 | Swamp:4  | Killed the 27-headed Lernaean hydra
 26079 | Swamp:4  | Reached XP level 18. HP: 97/103 MP: 34/34
 26145 | Swamp:4  | Reached skill level 1 in Invocations
 26409 | Swamp:4  | Got a decaying rune of Zot
 26702 | Snake:1  | Entered Level 1 of the Snake Pit
 27026 | Snake:1  | Reached skill level 5 in Dodging
 27724 | Snake:2  | Received a gift from Okawaru
 27772 | Snake:2  | Got a warped shield {god gift}
 27783 | Snake:2  | Identified the +5 shield "Athrogag" {Str+3} (Okawaru gifted it to you on level 2 of the Snake Pit)
 27984 | Snake:2  | Reached skill level 5 in Invocations
 29025 | Snake:3  | Reached XP level 19. HP: 76/111 MP: 35/35
 30101 | Snake:4  | Entered Level 4 of the Snake Pit
 30182 | Snake:4  | Received a gift from Okawaru
 30285 | Snake:4  | Noticed Nikola
 30314 | Snake:4  | Killed Nikola
 30379 | Snake:4  | Found Sutib's Food Emporium.
 30419 | Snake:4  | Found Xeirchese's General Store.
 30443 | Snake:4  | Found Kytyrunn's Jewellery Emporium.
 30451 | Snake:4  | Learned a level 1 spell: Apportation
 30544 | Snake:4  | Learned a level 2 spell: Blink
 30576 | Snake:4  | Noticed Bai Suzhen
 30825 | Snake:4  | Reached skill level 1 in Translocations
 31263 | Snake:4  | Killed Bai Suzhen
 31263 | Snake:4  | Received a gift from Okawaru
 31605 | Snake:4  | Received a gift from Okawaru
 31627 | Snake:4  | Got a pair of warped boots {god gift}
 31633 | Snake:4  | Identified the +2 pair of boots "Vutum" {rPois MR++ Int+3 Dex-4} (Okawaru gifted it to you on level 4 of the Snake Pit)
 31636 | Snake:4  | Got a serpentine rune of Zot
 31919 | Orc:1    | Entered Level 1 of the Orcish Mines
 31924 | Orc:1    | Noticed Erolcha
 31939 | Orc:1    | Killed Erolcha
 32147 | Orc:2    | Entered Level 2 of the Orcish Mines
 32498 | Orc:2    | Noticed Nessos
 32527 | Orc:2    | Killed Nessos
 32617 | Orc:2    | Found a staircase to the Elven Halls.
 33040 | Orc:2    | Reached skill level 10 in Armour
 33297 | Orc:2    | Found Moacsamo's Book Shop.
 33300 | Orc:2    | Found Kameraup's Assorted Antiques.
 33307 | Orc:2    | Reached XP level 20. HP: 98/119 MP: 36/36
 33312 | Orc:2    | Found Tuafyigg's Antique Weapon Shop.
 33313 | Orc:2    | Found Niaroext's Food Shop.
 33316 | Orc:2    | Bought an ancient morningstar for 324 gold pieces
 33317 | Orc:2    | Bought a dented cabochon amulet for 160 gold pieces
 33317 | Orc:2    | Bought a scroll of identify for 64 gold pieces
 33317 | Orc:2    | Bought a scroll of enchant armour for 240 gold pieces
 33318 | Orc:2    | Identified the +9 morningstar of the Gloaming {flame, Str+6} (You bought it in a shop on level 2 of the Orcish Mines)
 33330 | Orc:2    | Bought a book of Geomancy for 525 gold pieces
 33330 | Orc:2    | Bought Ijuoh's Collected Works on Earth and Curses for 900 gold pieces
 33337 | Orc:2    | Learned a level 5 spell: Silence
 33342 | Orc:2    | Learned a level 4 spell: Petrify
 33899 | Vaults:1 | Entered Level 1 of the Vaults
 33939 | Vaults:1 | Reached skill level 1 in Earth Magic
 34633 | Vaults:1 | Reached skill level 10 in Invocations
 34638 | Vaults:1 | Received a gift from Okawaru
 34648 | Vaults:1 | Reached skill level 10 in Fighting
 35432 | Vaults:2 | Reached skill level 10 in Shields
 35528 | Vaults:2 | Reached skill level 5 in Earth Magic
 35758 | Vaults:2 | Reached skill level 21 in Maces & Flails
 35969 | Vaults:2 | Found Umoah's Antique Weapon Shop.
 36162 | Vaults:2 | Reached skill level 5 in Translocations
 36673 | Vaults:2 | Paralysed by a floating eye for 2 turns
 36688 | Vaults:2 | Paralysed by a floating eye for 4 turns
 36708 | Vaults:2 | Reached XP level 21. HP: 91/126 MP: 37/37
 36772 | Vaults:2 | Received a gift from Okawaru
 37214 | Vaults:2 | Bought an ancient mace for 184 gold pieces
 37222 | Vaults:2 | Found a staircase to the Crypt.
 37222 | Vaults:2 | Found a basalt altar of Yredelemnul.
 37223 | Vaults:2 | Found an ancient bone altar of Kikubaaqudgha.
 37774 | Vaults:3 | Found Weuph's Armour Shop.
 38193 | Vaults:3 | Received a gift from Okawaru
 38581 | Vaults:2 | Learned a level 5 spell: Lee's Rapid Deconstruction
 39578 | Vaults:4 | Reached skill level 10 in Earth Magic
 39689 | Vaults:4 | Learned a level 8 spell: Controlled Blink
 39925 | Vaults:4 | Reached XP level 22. HP: 115/133 MP: 38/38
 40307 | Vaults:4 | Killed from afar by a tengu reaver

Skill      XL: |  1  2  3  4  5  6  7  8  9 10 11 12 13 14 15 16 17 18 19 20 21 |
---------------+----------------------------------------------------------------+-----
Maces & Flails | 3 4 5 6 7 9 11 12 13 15 16 17 18 19 20 21 | 21.3
Spellcasting   | 3 5 6 8 9 10 12 | 12.8
Conjurations   | 3 6 8 9 11 12 14 | 14.7
Armour         | 6 8 10 11 12 | 12.1
Dodging        | 4 5 6 7 9 |  9.1
Fighting       | 6 8 9 10 11 | 11.5
Shields        | 6 8 9 10 11 | 11.3
Invocations    | 6 9 10 | 10.3
Translocations | 3 5 6 |  6.6
Earth Magic    | 6 10 | 10.5

Action                   |  1- 3 |  4- 6 |  7- 9 | 10-12 | 13-15 | 16-18 | 19-21 | 22-24 || total
-------------------------+-------+-------+-------+-------+-------+-------+-------+-------++-------
Melee: Flail             |    98 |   308 |   565 |   547 |       |       |       |       ||  1518
       Eveningstar       |       |       |       |   440 |  1612 |  1322 |  2252 |    80 ||  5706
       Morningstar       |       |       |       |       |       |       |    16 |       ||    16
 Cast: Magic Dart        |       |       |       |       |     1 |       |       |       ||     1
       Blink             |       |       |       |       |       |       |     1 |     1 ||     2
Invok: Heroism           |       |       |       |       |     6 |     3 |     7 |       ||    16
       Finesse           |       |       |       |       |     4 |     2 |     6 |       ||    12
 Abil: Fly               |       |       |       |       |     1 |       |       |       ||     1
Evoke: Wand              |       |       |       |       |     1 |       |     1 |       ||     2
  Use: Scroll            |     5 |       |    13 |     3 |    22 |     6 |    11 |     3 ||    63
       Potion            |     1 |     1 |     2 |     7 |     8 |     8 |     2 |       ||    29
 Stab: Sleeping          |     2 |     8 |     4 |     5 |    11 |     5 |     2 |       ||    37
       Invisible         |       |       |     1 |     5 |       |     4 |       |       ||    10
       Distracted        |       |       |       |     1 |       |     1 |     3 |       ||     5
       Petrified         |       |       |       |       |     4 |       |       |       ||     4
  Eat: Chunk             |       |     6 |     9 |    19 |    25 |    14 |    19 |       ||    92
       Bread ration      |       |     1 |     2 |       |     2 |     3 |     4 |       ||    12
Armor: Scale mail        |     7 |       |       |       |       |       |       |       ||     7
       Shadow dragon sca |    41 |   146 |   246 |   587 |   901 |   957 |   776 |    24 ||  3678
Dodge: Dodged            |    27 |    86 |   209 |   415 |   617 |   790 |   894 |    19 ||  3057
Block: Shield            |    52 |   133 |   235 |   472 |   671 |   837 |  1890 |    38 ||  4328
       Reflection        |       |       |       |       |       |    14 |       |       ||    14
